 Dungeon Crawl Stone Soup version 0.29.1-13-g9f3cf754e1 (webtiles) character file.

Game seed: 13370476120200105648

62 FexLirch the Magician (level 4, -1/31 HPs)
             Began as a Djinni Conjurer on Jan 19, 2023.
             Killed from afar by Terence (2 damage)
             ... with a puff of flame
             ... on level 2 of the Dungeon.
             The game lasted 00:01:34 (1328 turns).

FexLirch the Magician (Djinni Conjurer)             Turns: 1328, Time: 00:01:35

Health: -1/31      AC:  2    Str:  6    XL:     4   Next: 28%
Gold:   108        EV: 12    Int: 22    God:
                   SH:  5    Dex: 11

rFire   + + .      SeeInvis .   (no weapon)
rCold   x . .      Faith    .   (no shield)
rNeg    . . .      Spirit   .   a - +0 robe
rPois   ∞          Reflect  +   (no helmet)
rElec   .          Harm     .   (no cloak)
rCorr   .          Rampage  .   (no gloves)
Will    .....                   (boots unavailable)
Stlth   ++........              e - amulet of reflection
HPRegen 0.10/turn               (no ring)
MPRegen 0.00/turn               (no ring)

@: flying
A: sickness immunity, fire resistance 2, cold vulnerability 1, float, innate
caster, HP casting, extra vitality 1
a: no special abilities


You were on level 2 of the Dungeon.
You visited 1 branch of the dungeon, and saw 2 of its levels.

You collected 108 gold pieces.

Inventory:

Armour
 a - a +0 robe (worn)
Jewellery
 e - an amulet of reflection (around neck)
Scrolls
 b - a scroll of noise {unknown}
 d - a scroll of butterflies {unknown}
Potions
 c - a potion of degeneration {unknown}
 f - a potion of flight {unknown}
 g - a potion of heal wounds {unknown}


   Skills:
 - Level 2.1 Dodging
 - Level 1.5 Stealth
 + Level 4.4 Spellcasting


You couldn't memorise any spells.
You knew the following spells:

 Your Spells              Type           Power      Damage    Failure   Level
a - Magic Dart            Conj           96%        1d7       1%          1
b - Searing Ray           Conj           48%        2d6       2%          2
c - Dazzling Flash        Conj/Hex       48%        N/A       5%          3
d - Fulminant Prism       Conj/Hex       12%        3d9       17%         4
e - Iskenderun's Mystic   Conj/Tloc      24%        2d7       17%         4
f - Summon Small Mammal   Summ           96%        N/A       1%          1
Your spell library was empty.

Dungeon Overview and Level Annotations

Branches:
Dungeon (2/15)

Altars:

Annotations:
D:2 Terence


Innate Abilities, Weirdness & Mutations

You are immune to sickness and miasma.
You are immune to poison.
Your flesh is very heat resistant. (rF++)
You are vulnerable to cold. (rC-)
You float through the air rather than walking.
You learn spells naturally, not from books.
Your magical power is your life essence.
You have superior vitality. (+4 MHP)


Message History

Jessica zaps a wand.
The roots erupt in riotous growth!
The grasping roots grab you! The grasping roots constrict you.
An endoplasm comes into view.
You miscast Magic Dart.
You are very lightly contaminated with residual magic.
Nothing appears to happen.
The grasping roots constrict you. x2
You are too injured to fight recklessly!
Casting: Magic Dart (safe; 2% risk of failure)
Confirm with . or Enter, or press ? or * to list all spells.
Aiming: Searing Ray (safe; 3% risk of failure)
Press: ? - help, Shift-Dir - straight line, f/p - Jessica
Aim: Jessica, wielding a +3 dagger of freezing, wearing a +0 robe and carrying a wand of roots (3) (moderately wounded, fast, 78% to hit)
The searing ray hits Jessica but does no damage.
Jessica is moderately wounded. (Press . to maintain the ray.)
The grasping roots constrict you.
The grasping roots release their grip on you.
The searing ray misses Jessica.
The searing ray misses Jessica.
* * * LOW HITPOINT WARNING * * *
Jessica shouts, "I don't like beings like you!"
Jessica barely misses you.
The searing ray hits Jessica!
You kill Jessica!
* * * LOW HITPOINT WARNING * * *
You finish channelling your searing ray.
You have reached level 4!
You feel clever.
Your magical contamination has completely faded away.
Found 11 gold pieces.
Found a robe.
Terence the Incautious comes into view.
He is wielding a +0 hand axe and carrying a wand of flame (20).
Terence shouts!
Found a gold piece.
You see here 11 gold pieces.
Terence hits you with a +0 hand axe!
* * * LOW HITPOINT WARNING * * *
Terence zaps a wand.
The puff of flame hits you. You resist.
You die...

## ####+## .# #.....# .##
#.....# ..#
####...$.########
#.######.....J@.@.[.....
.........#####.###########
.........## #$....#.. ..#
...............###.#.# #.#
........######.# #.#.# #.#
........# #.# #.#.# #.#
#.†...### #.# #<..# #.#
#.....# #.# #.#####.#
#.....#### .#
#.......######


You could see Terence and an endoplasm.

Vanquished Creatures
  Jessica (D:2)
  A ball python (D:2)
  A bat (D:1)
  3 giant cockroaches (D:1)
  6 goblins
  5 hobgoblins
  6 quokkas
  A frilled lizard (D:1)
  3 kobolds (D:1)
  4 rats
31 creatures vanquished.

Notes
Turn   | Place    | Note
-------+----------+-------------------------------------------
     0 | D:1      | FexLirch the Djinni Conjurer began the quest for the Orb.
     0 | D:1      | FexLirch set off with the following spells memorised: Magic
                  | Dart, Searing Ray, Dazzling Flash, Fulminant Prism,
                  | Iskenderun's Mystic Blast.
     0 | D:1      | Reached XP level 1. HP: 15/15 MP: 0/0
   154 | D:1      | Reached XP level 2. HP: 14/21 MP: 0/0
   585 | D:1      | Found a faded altar of an unknown god.
   671 | D:1      | Reached XP level 3. HP: 22/25 MP: 0/0
   671 | D:1      | Learned a level 1 spell: Summon Small Mammal
   817 | D:1      | Reached skill level 4 in Spellcasting
  1297 | D:2      | Noticed Jessica
  1305 | D:2      | Killed Jessica
  1306 | D:2      | Reached XP level 4. HP: 8/31 MP: 0/0
  1324 | D:2      | Noticed Terence
  1327 | D:2      | HP: 1/31 [Terence/+0 hand axe (9)]
  1328 | D:2      | Killed from afar by Terence

Illustrated notes

Levels and vault maps discovered:
D:1:      dpeg_arrival_morbid_curiosity, layout_rooms,
          dreamdust_ecumenical_altar_angels_and_demons, item_on_display_a
D:2:      layout_basic, uniq_terence, uniq_jessica

Skill      XL: |  1  2  3 |
---------------+----------+-----
Spellcasting   | 4 |  4.4
Dodging        | |  2.1
Stealth        | |  1.5

Action                   |  1- 3 |  4- 6 || total
-------------------------+-------+-------++-------
 Cast: Magic Dart        |    61 |       ||    61
       Searing Ray       |     1 |       ||     1
Armor: Robe              |     2 |       ||     2
Dodge: Dodged            |     3 |       ||     3
